 Dungeon Crawl Stone Soup version 0.22-a0-113-gdd6f4a9 (webtiles) character file.

130 oplop the Sneak (level 5, 0/24 HPs)
             Began as a Vine Stalker Enchanter on Jan 28, 2018.
             Succumbed to Robin's poison
             ... on level 3 of the Dungeon.
             The game lasted 00:04:15 (2233 turns).

oplop the Sneak (Vine Stalker Enchanter)            Turns: 2233, Time: 00:04:16

Health: 0/24       AC:  2    Str: 10    XL:     5   Next: 14%
Magic:  4/11       EV: 12    Int: 21    God:
Gold:   123        SH:  0    Dex: 20    Spells: 8/11 levels left

rFire    . . .     SeeInvis .   a - +1 dagger
rCold    . . .     Gourm    .   (no shield)
rNeg     . . .     Faith    .   b - +0 robe
rPois    .         Spirit   +   (helmet restricted)
rElec    .         Reflect  .   (no cloak)
rCorr    .         Harm     .   (no gloves)
MR       .....                  (no boots)
Stlth    ++++......             l - amulet of regeneration
HPRegen  0.88/turn              e - +5 ring of dexterity
MPRegen  0.12/turn              m - ring of stealth

@: brilliant, lethally poisoned (0 -> -7)
A: fangs 2, horns 1, regeneration 1, magic shield, antimagic bite, no potion
heal 3, rot immunity, subdued magic 1
a: no special abilities


You were on level 3 of the Dungeon.
You were hungry.

You visited 1 branch of the dungeon, and saw 3 of its levels.

You collected 123 gold pieces.

Inventory:

Hand Weapons
 a - a +1 dagger (weapon)
Armour
 b - a +0 robe (worn)
 j - a +0 buckler
Jewellery
 e - a +5 ring of dexterity (left hand)
 g - a +3 ring of dexterity
 l - an amulet of regeneration (around neck)
 m - a ring of stealth (right hand)
Wands
 o - a wand of flame (35)
Scrolls
 f - 2 scrolls of teleportation
 i - a scroll of remove curse
 k - a scroll of noise {unknown}
 r - a scroll of identify
Potions
 p - a potion of invisibility {unknown}
 q - a potion of heal wounds {unknown}
Books
 c - a book of Maledictions

   Spells                             Type                      Level
   a - Corona                         Hexes                        1
   b - Ensorcelled Hibernation        Hexes/Ice                    2
   c - Confuse                        Hexes                        3
   d - Tukima's Dance                 Hexes                        3
   e - Dazzling Spray                 Conjuration/Hexes            3
Comestibles
 d - 8 rations


   Skills:
 + Level 1.8 Short Blades
 - Level 1.5 Dodging
 + Level 4.3 Stealth
 * Level 3.5 Spellcasting
 * Level 4.1 Hexes


You had 8 spell levels left.
You knew the following spells:

 Your Spells              Type           Power        Failure   Level  Hunger
a - Corona                Hex            ####...      1%          1    None
b - Ensorcelled Hibernat  Hex/Ice        ###...       1%          2    ##.....


Dungeon Overview and Level Annotations

Branches:
Dungeon (3/15)

Altars:
Dithmenos

Annotations:
D:3 Robin


Innate Abilities, Weirdness & Mutations

You have extremely sharp teeth.
Your natural rate of healing is unusually fast.
When hurt, damage is shared between your health and your magic reserves.
Your bite disrupts and absorbs the magic of your enemies.
Potions cannot restore your health.
You are immune to rotting.
You have a pair of small horns on your head.
Your spells are a little easier to cast, but a little less powerful.


Message History

You are lethally poisoned!
You feel very sick. Robin misses you.
You feel very sick.
* * * LOW HITPOINT WARNING * * *
You feel very sick.
* * * LOW HITPOINT WARNING * * *
You feel very sick.
You see here a leather armour.
* * * LOW HITPOINT WARNING * * *
You feel sick.
* * * LOW HITPOINT WARNING * * *
You feel sick.
It was a potion of mutation.
You feel extremely strange.
Your connection to magic feels subdued.
A pair of horns grows on your head!
* * * LOW HITPOINT WARNING * * *
You feel sick.
It was a potion of brilliance.
You feel clever all of a sudden.
You die...

#.# #.# #......... #.#
#.#########.#######. ##.##
#...........# #.
#######.#.################ #.
.......###.....# ##
#######.#.####.# ........>## #.#
########## ..#########
#.#########........# ......)...#
#..@.g......#<..gg.g .g#######.#
########.##..#####.# ..........#
####......(.....## ########..#
#.......#).####.## #..#
#.......#..####.##
#..######.......#....##.##
########...............#.##.##.##
.........#######.......#<##>##.##
#...###### #.).....#g##.##.##


You could see Robin.

Vanquished Creatures
  Ijyb (D:3)
  3 adders (D:2)
  An ooze (D:1)
  A worm (D:3)
  2 dart slugs (D:1)
  3 leopard geckos
  2 ball pythons
  A giant cockroach (D:2)
  13 goblins
  6 hobgoblins
  3 jackals (D:1)
  2 quokkas (D:3)
  8 bats
  2 frilled lizards
  10 kobolds
  3 rats
61 creatures vanquished.

Notes
Turn   | Place    | Note
-------+----------+-------------------------------------------
     0 | D:1      | oplop the Vine Stalker Enchanter began the quest for the Orb.
     0 | D:1      | Reached XP level 1. HP: 9/9 MP: 4/4
    52 | D:1      | Reached skill level 1 in Short Blades
    73 | D:1      | Reached XP level 2. HP: 4/13 MP: 1/6
   526 | D:1      | Learned a level 2 spell: Ensorcelled Hibernation
   536 | D:1      | Reached XP level 3. HP: 11/16 MP: 8/8
  1192 | D:2      | Gained mutation: Your natural rate of healing is unusually fast. [Vine Stalker growth]
  1192 | D:2      | Reached XP level 4. HP: 21/21 MP: 9/9
  1610 | D:3      | Noticed Ijyb
  1613 | D:3      | Killed Ijyb
  1645 | D:3      | Found a shadowy altar of Dithmenos.
  1855 | D:3      | Reached XP level 5. HP: 24/24 MP: 9/11
  2019 | D:3      | Noticed Robin
  2232 | D:3      | Gained mutation: Your spells are a little easier to cast, but a little less powerful. [potion of mutation]
  2232 | D:3      | Gained mutation: You have a pair of small horns on your head. [potion of mutation]
  2232 | D:3      | HP: 1/24 [poisoned by Robin]
  2233 | D:3      | Succumbed to Robin's poison

Vault maps used:
D:1:      co_arrival_random_square_maze, grunt_decor_one_mirror
D:2:      uniq_crazy_yiuf_cottage
D:3:      grunt_dithmenos_smoke_and_mirrors, first_ration, uniq_ijyb, uniq_robin

Skill      XL: |  1  2  3  4 |
---------------+-------------+-----
Short Blades   | 1 |  1.8
Stealth        | 4 |  4.3
Spellcasting   | 3 |  3.5
Hexes          | 4 |  4.1
Dodging        | |  1.5

Action                   |  1- 3 |  4- 6 || total
-------------------------+-------+-------++-------
Melee: Dagger            |    68 |    72 ||   140
       Bite              |    15 |    23 ||    38
 Cast: Corona            |     3 |       ||     3
       Ensorcelled Hiber |       |    10 ||    10
  Use: Scroll            |     3 |       ||     3
       Potion            |       |     2 ||     2
 Stab: Sleeping          |    14 |    11 ||    25
  Eat: Chunk             |       |     4 ||     4
Armor: Robe              |    10 |     5 ||    15
Dodge: Dodged            |    22 |    37 ||    59

Table legend:
 A = Spawn XP
 B = Non-spawn XP
 C = Spawn XP percentage of total XP
 D = Spawn monster count
 E = Non-spawn monster count
 F = Spawn count percentage of total count
 G = Total turns spent on level
                    A         B        C        D         E        F      G
               +---------+---------+-------+---------+---------+-------+---------
         Total |       0 |     187 |   0.0 |       0 |      61 |   0.0 |  2233
               +---------+---------+-------+---------+---------+-------+---------
           D:1 |       0 |      49 |   0.0 |       0 |      23 |   0.0 |  1128
           D:2 |       0 |      58 |   0.0 |       0 |      13 |   0.0 |   459
           D:3 |       0 |      80 |   0.0 |       0 |      25 |   0.0 |   646
               +---------+---------+-------+---------+---------+-------+---------
